 Dungeon Crawl Stone Soup version 0.29.1-12-g30fa7ad0bf (webtiles) character file.

Game seed: 1270715267127784145

112 FexLirch the Slasher (level 4, -9/39 HPs)
             Began as a Palentonga Fighter on Dec 30, 2022.
             Killed by divine providence
             ... invoked by an orc priest
              (12 damage)
             ... on level 3 of the Dungeon.
             The game lasted 00:04:51 (3071 turns).

FexLirch the Slasher (Palentonga Fighter)           Turns: 3071, Time: 00:04:52

Health: -9/39      AC:  6    Str: 21    XL:     4   Next: 63%
Magic:  4/4        EV:  7    Int:  9    God:
Gold:   274        SH:  5    Dex: 11    Spells: 3/3 levels left

rFire   . . .      SeeInvis +   a - +0 long sword
rCold   . . .      Faith    .   c - +1 buckler
rNeg    . . .      Spirit   .   b - +0 scale mail
rPois   .          Reflect  .   (no helmet)
rElec   .          Harm     .   (no cloak)
rCorr   .          Rampage  .   (no gloves)
Will    .....                   (no barding)
Stlth   ..........              (no amulet)
HPRegen 0.13/turn               (no ring)
MPRegen 0.09/turn               (no ring)

@: about to teleport
A: large, rugged brown scales 3, see invisible, deformed body, roll 1, armoured
tail
a: Rolling Charge


You were on level 3 of the Dungeon.
You visited 1 branch of the dungeon, and saw 3 of its levels.

You collected 274 gold pieces.

Inventory:

Hand Weapons
 a - a +0 long sword (weapon)
Armour
 b - a +0 scale mail (worn)
 c - a +1 buckler (worn)
Wands
 m - a wand of iceblast (6)
Scrolls
 e - a scroll of teleportation
 f - a scroll of fear {unknown}
 h - a scroll of identify
 i - a scroll of enchant armour
 j - a scroll of silence {unknown}
 p - 4 scrolls of noise
 r - a scroll of blinking {unknown}
 s - 2 scrolls of poison
Potions
 d - a potion of might
 g - a potion of attraction {unknown}
 k - a potion of heal wounds {unknown}
 l - a potion of curing
 n - a potion of lignification {unknown}
 o - a potion of brilliance {unknown}
 q - a potion of invisibility {unknown}


   Skills:
 + Level 3.7 Fighting
 * Level 3.8 Long Blades
 - Level 2.4 Armour
 + Level 3.3 Shields


You had 3 spell levels left.
You didn't know any spells.
Your spell library contained the following spells:

 Spells                   Type           Power      Damage    Failure   Level
 Beastly Appendage        Tmut           0%         N/A       80%         1
 Magic Dart               Conj           0%         1d3       80%         1
 Call Imp                 Summ           0%         N/A       91%         2
 Searing Ray              Conj           0%         2d4       91%         2
 Wereblood                Tmut           0%         N/A       91%         2
 Ignite Poison            Fire/Tmut/Pois 0%         N/A       99%         3
 Mephitic Cloud           Conj/Pois/Air  0%         N/A       99%         3
 Spider Form              Tmut/Pois      0%         N/A       99%         3
 Fulminant Prism          Conj/Hex       0%         3d6       100%        4
 Blade Hands              Tmut           0%         N/A       100%        5
 Freezing Cloud           Conj/Ice/Air   0%         6-21      100%        5
 Irradiate                Conj/Tmut      0%         3d11      100%        5
 Dragon Form              Tmut           0%         N/A       100%        7


Dungeon Overview and Level Annotations

Branches:
Dungeon (3/15)

Altars:
Xom
Zin

Shops:
D:2 [


Innate Abilities, Weirdness & Mutations

You are completely covered in rugged brown scales. (AC +3, +7% HP)
You have supernaturally acute eyesight. (SInv)
Armour fits poorly on your strangely shaped body.
You can roll at nearby foes to attack.
You have a long armoured tail.


Message History

Okay, then.
Unknown command.
Unknown command.
As you read the scroll labelled SYS HORCHUON, it crumbles to dust.
It is a scroll of identify.
p - 4 scrolls of noise The orc hits you but does no damage.
Okay, then.
Unknown command.
Unknown command.
As you read the scroll labelled IDGHYE BUZ JIBA, it crumbles to dust.
It is a scroll of enchant armour.
Your +0 buckler glows green for a moment.
The orc priest calls upon Beogh to heal the orc priest.
The orc priest is healed somewhat.
The orc hits you with a +0 dagger.
* * * LOW HITPOINT WARNING * * *
Okay, then.
Okay, then.
It was a potion of curing.
You feel better.
The orc priest miscasts a cantrip.
The orc barely misses you.
As you read the scroll of identify, it crumbles to dust.
s - 3 scrolls of poison The orc priest miscasts a cantrip.
The orc priest invokes the aid of Beogh against you.
Beogh smites you!
* * * LOW HITPOINT WARNING * * *
The orc hits you but does no damage.
Really read the scroll of poison?
The air fills with toxic fumes!
As you read the scroll of poison, it crumbles to dust.
You block the orc's attack.
As you read the scroll of identify, it crumbles to dust.
e - 2 scrolls of teleportation The orc closely misses you.
As you read the scroll of teleportation, it crumbles to dust.
You feel strangely unstable.
The orc priest mumbles some strange prayers to Beogh against you.
Beogh smites you!
You die...

........##### #
#######.### #
####.........# ##
§§##.###'###.####.
#o##.#.....#......
#o##.#.....#.####.
#o##.#.._..#.# ##
#o##.#.....#.## #
#@##.#.....#..# # #.#
#§§§§#######..# # #.#
#§§§§§§§§.....# #.###
#§§§§§§####...#
#...##########§§#####
##.#####
#............§§§#
#....†.
#...###########§#
#.##### #..# #§# #.#
#..# #.# #.#


You could see 2 orc priests and 2 orcs.

Vanquished Creatures
  2 adders (D:3)
  2 gnolls (D:2)
  2 worms (D:3)
  An orc (D:3)
  6 endoplasms
  2 giant cockroaches (D:1)
  3 goblins
  11 hobgoblins
  7 jackals
  6 kobolds
  4 quokkas
  3 ball pythons (D:3)
  5 bats
  3 frilled lizards
  5 rats
62 creatures vanquished.

Vanquished Creatures (others)
  2 plants (D:1)
2 creatures vanquished.

Grand Total: 64 creatures vanquished

Notes
Turn   | Place    | Note
-------+----------+-------------------------------------------
     0 | D:1      | FexLirch the Palentonga Fighter began the quest for the
                  | Orb.
     0 | D:1      | Reached XP level 1. HP: 19/19 MP: 1/1
   253 | D:1      | Reached XP level 2. HP: 20/25 MP: 2/2
   637 | D:1      | Found Xewez's Vocational Training.
   959 | D:1      | Reached XP level 3. HP: 31/31 MP: 3/3
  2080 | D:2      | Found Pahoetonn's Antique Armour Boutique.
  2212 | D:2      | Reached XP level 4. HP: 17/37 MP: 4/4
  2638 | D:3      | Found a shimmering altar of Xom.
  2851 | D:3      | Found a glowing silver altar of Zin.
  3071 | D:3      | Killed from afar by an orc priest

Illustrated notes

Levels and vault maps discovered:
D:1:      minmay_arrival_stone_box, layout_basic, grunt_decor_junction,
          chequers_serial_rivers_micro_c, serial_bayou_pond_b,
          nicolae_shop_vocational
D:2:      layout_loops_corners, serial_shops, shop, kennysheep_generic_room_16
D:3:      layout_loops_ring, amcnicky_altar_gilded, brannock_xom_greatest_gift

Skill      XL: |  1  2  3 |
---------------+----------+-----
Shields        | 3 |  3.3
Long Blades    | 3 |  3.8
Fighting       | |  3.7
Armour         | |  2.4

Action                   |  1- 3 |  4- 6 || total
-------------------------+-------+-------++-------
Melee: Long sword        |   147 |    50 ||   197
       Tailslap          |    15 |     7 ||    22
 Abil: Rolling Charge    |     1 |       ||     1
  Use: Scroll            |       |     6 ||     6
       Potion            |       |     1 ||     1
Armor: Scale mail        |    84 |    21 ||   105
Dodge: Dodged            |    64 |    19 ||    83
Block: Buckler           |    32 |    18 ||    50
